[Event "ROU-chT 1st League 2019"]
[Site "Mamaia"]
[Date "2019.09.24"]
[Round "4.26"]
[White "Miron, Lucian-Costin"]
[Black "Doncea, Vladimir"]
[Result "1/2-1/2"]
[ECO "B40"]
[WhiteElo "2490"]
[BlackElo "2341"]
[Annotator "ChessBase"]
[PlyCount "67"]
[EventDate "2019.09.21"]
[EventType "team-tourn"]
[EventCountry "ROU"]
[SourceTitle "playchess.com"]
[Source "ChessBase"]
[SourceQuality "1"]
[TimeControl "40/5400+30:1800+30"]

1. e4 c5 2. Nf3 e6 3. b3 b6 4. Bd3 Bb7 5. O-O Nf6 6. e5 Nd5 7. Be4 Qc7 8. c4 Nb4 9. Bxb7 Qxb7 10. d4 cxd4 11. Nxd4 a6 12. Nc3 N8c6 13. Nf3 Ne7 14. Re1 h5 15. Ne4 Nf5 16. Bg5 Qc7 17. a3 Nc6 18. Qd2 d6 19. exd6 Bxd6 20. Nxd6+ Qxd6 21. Qe2 O-O 22. Red1 Ncd4 23. Nxd4 Nxd4 24. Qe4 e5 25. Bf4 f6 26. Be3 Rad8 27. Bxd4 exd4 28. Rd3 Rfe8 29. Qf3 Qxa3 30. Qd1 Qb4 31. h3 b5 32. Rxd4 Rxd4 33. Qxd4 bxc4 34. Qxc4+ 1/2-1/2

[Event "ROU-chT 1st League 2019"]
[Site "Mamaia"]
[Date "2019.09.24"]
[Round "4.27"]
[White "Ciorgovean, Iustin"]
[Black "Mateuta, Gabriel"]
[Result "1-0"]
[ECO "A40"]
[WhiteElo "2331"]
[BlackElo "2514"]
[Annotator "ChessBase"]
[PlyCount "143"]
[EventDate "2019.09.21"]
[EventType "team-tourn"]
[EventCountry "ROU"]
[SourceTitle "playchess.com"]
[Source "ChessBase"]
[SourceQuality "1"]
[TimeControl "40/5400+30:1800+30"]

1. d4 e6 2. c4 b6 3. e4 Bb7 4. Bd3 Bb4+ 5. Kf1 Be7 6. Nc3 d6 7. Nf3 Nd7 8. h4 Ngf6 9. h5 h6 10. Qe2 e5 11. d5 Bc8 12. Bc2 a5 13. Ba4 O-O 14. Bc6 Ra7 15. g4 Nc5 16. g5 Ng4 17. gxh6 gxh6 18. Nh2 Nxh2+ 19. Rxh2 Kh7 20. Kg1 Rg8+ 21. Kh1 f5 22. Bd2 f4 23. Rg1 Bg5 24. Qf3 Nd7 25. Be1 Nf6 26. Bd2 Rg7 27. Be1 Ng8 28. Bd2 Ne7 29. Ba4 Ra8 30. Bd1 Ng8 31. Qd3 Nf6 32. Bf3 Bd7 33. Nb5 Qc8 34. Qe2 Qb7 35. a4 Rag8 36. b3 Kh8 37. Bc3 Re7 38. Bb2 Kh7 39. Ba3 Qb8 40. Bb2 Reg7 41. Bc3 Re8 42. Qd1 Qd8 43. Qe2 Kh8 44. Qd1 Qc8 45. Na7 Qb8 46. Nb5 Reg8 47. Qe2 Bc8 48. Bb2 Ba6 49. Bc3 Qe8 50. Bb2 Qe7 51. Bc3 Bc8 52. Bb2 Bh4 53. Rxg7 Qxg7 54. Rg2 Bg5 55. Rg1 Qd7 56. Qf1 Qf7 57. Qe2 Rg7 58. Bc3 Bh4 59. Rxg7 Qxg7 60. c5 Ng4 61. Bxg4 Bxg4 62. f3 Bxh5 63. Qg2 Qd7 64. c6 Qf7 65. b4 axb4 66. Bxb4 Bd8 67. Qh3 Kh7 68. a5 bxa5 69. Bxa5 Bg6 70. Bxc7 Bf6 71. Qd7 Be7 72. Bxd6 1-0

[Event "ROU-chT 1st League 2019"]
[Site "Mamaia"]
[Date "2019.09.24"]
[Round "4.28"]
[White "Filip, Lucian-Ioan"]
[Black "Barzanu, Iulian"]
[Result "1-0"]
[ECO "E92"]
[WhiteElo "2419"]
[BlackElo "2187"]
[Annotator "NA"]
[PlyCount "101"]
[EventDate "2019.09.21"]
[EventType "team-tourn"]
[EventCountry "ROU"]
[SourceTitle "playchess.com"]
[Source "ChessBase"]
[SourceQuality "1"]
[TimeControl "40/5400+30:1800+30"]

1. d4 Nf6 2. c4 g6 3. Nc3 Bg7 4. e4 d6 5. Nf3 O-O 6. Be2 e5 7. Be3 Ng4 8. Bg5 f6 9. Bc1 Nc6 10. h3 Nh6 11. d5 Ne7 12. h4 Nf7 13. h5 c5 14. hxg6 hxg6 15. Qd3 a6 16. a4 Bd7 17. a5 b5 18. axb6 Qxb6 19. g3 Rfb8 20. Kf1 Qc7 21. Kg2 Rb6 22. Qd1 g5 23. Nh2 Rbb8 24. Ng4 Qc8 25. Ne3 Nh8 26. Bh5 Rb4 27. Qe2 Rab8 28. Qd3 Rb3 29. Bd1 R3b6 30. Be2 Rb3 31. Bd1 R3b6 32. Ba4 Bxa4 33. Rxa4 Nhg6 34. Qc2 Qd7 35. Ra3 Kf7 36. Nf5 Rh8 37. Rxh8 Nxh8 38. Nxe7 Kxe7 39. Nd1 Ng6 40. Ne3 Kf8 41. Bd2 Ne7 42. Ba5 Rb7 43. Bc3 Rb6 44. Ra1 Qe8 45. Qe2 Qd7 46. Qh5 Qc8 47. Qf3 Qd7 48. Rh1 Rb7 49. Rh5 Kg8 50. Ng4 Qe8 51. Rh6 1-0

[Event "ROU-chT 1st League 2019"]
[Site "Mamaia"]
[Date "2019.09.24"]
[Round "4.29"]
[White "Prodileanu, Adrian"]
[Black "Secheres, Adrian-Simion"]
[Result "1/2-1/2"]
[ECO "A37"]
[WhiteElo "2236"]
[BlackElo "2397"]
[Annotator "NA"]
[PlyCount "86"]
[EventDate "2019.09.21"]
[EventType "team-tourn"]
[EventCountry "ROU"]
[SourceTitle "playchess.com"]
[Source "ChessBase"]
[SourceQuality "1"]
[TimeControl "40/5400+30:1800+30"]

1. c4 c5 2. g3 Nc6 3. Bg2 g6 4. Nc3 Bg7 5. Nf3 e5 6. d3 Nge7 7. Nd2 d6 8. Nf1 Be6 9. Ne3 O-O 10. a3 Qd7 11. Rb1 Bh3 12. O-O Bxg2 13. Kxg2 f5 14. f4 Rae8 15. Ned5 Nd4 16. e3 Ne6 17. Qf3 Nc6 18. Bd2 Qf7 19. Kh1 h6 20. b4 exf4 21. gxf4 g5 22. b5 Ncd8 23. b6 a6 24. Nc7 Nxc7 25. bxc7 Qxc7 26. fxg5 hxg5 27. Qd5+ Re6 28. Rxf5 Rxf5 29. Qxf5 Qf7 30. Qxf7+ Nxf7 31. Nd5 Be5 32. h3 Rh6 33. Kg2 g4 34. Rh1 gxh3+ 35. Rxh3 Rg6+ 36. Kf1 Kg7 37. e4 Bd4 38. Be3 Ng5 39. Bxd4+ cxd4 40. Rg3 Ne6 41. Rxg6+ Kxg6 42. Ke2 Kf7 43. Kd2 Ke8 1/2-1/2

[Event "ROU-chT 1st League 2019"]
[Site "Mamaia"]
[Date "2019.09.24"]
[Round "4.30"]
[White "Ognean, Mihnea-Ionut"]
[Black "Micu, Iulian"]
[Result "1/2-1/2"]
[ECO "C41"]
[WhiteElo "2285"]
[BlackElo "2165"]
[Annotator "NA"]
[PlyCount "111"]
[EventDate "2019.09.21"]
[EventType "team-tourn"]
[EventCountry "ROU"]
[SourceTitle "playchess.com"]
[Source "ChessBase"]
[SourceQuality "1"]
[TimeControl "40/5400+30:1800+30"]

1. d4 d6 2. e4 Nf6 3. Nc3 e5 4. Nf3 Nbd7 5. Bc4 Be7 6. a4 O-O 7. O-O a5 8. h3 b6 9. Re1 Bb7 10. Qd3 Re8 11. Be3 Bf8 12. Rad1 g6 13. Bg5 h6 14. Bh4 Bg7 15. Bd5 c6 16. Ba2 Qe7 17. d5 c5 18. Nd2 g5 19. Bg3 Nh5 20. Nc4 Ba6 21. Qf3 Nf4 22. Ne3 Nf6 23. Bc4 Bc8 24. Bb5 Rd8 25. Nf5 Qf8 26. Kh2 h5 27. Bxf4 exf4 28. g3 fxg3+ 29. fxg3 g4 30. Qf4 gxh3 31. Be2 Bxf5 32. exf5 Re8 33. Bf3 Bh6 34. Qh4 Qg7 35. Bxh5 Qg5 36. Qxg5+ Bxg5 37. Bf3 Rxe1 38. Rxe1 Bd2 39. Re7 Bxc3 40. bxc3 Re8 41. Rxe8+ Nxe8 42. Kxh3 Nf6 43. c4 Kg7 44. Kh4 Kh6 45. g4 Nh7 46. Bg2 f6 47. Bf3 Ng5 48. Bg2 Nf7 49. Bf3 Ne5 50. Be2 Nd7 51. c3 Ne5 52. Kh3 Kg5 53. Kg3 Nd7 54. Bd1 Nf8 55. Bc2 Nd7 56. Bd1 1/2-1/2

[Event "ROU-chT 1st League 2019"]
[Site "Mamaia"]
[Date "2019.09.25"]
[Round "5.3"]
[White "Miron, Lucian-Costin"]
[Black "Rogozenco, Dorian"]
[Result "1-0"]
[ECO "D15"]
[WhiteElo "2490"]
[BlackElo "2491"]
[Annotator "ChessBase"]
[PlyCount "83"]
[EventDate "2019.09.21"]
[EventType "team-tourn"]
[EventCountry "ROU"]
[SourceTitle "playchess.com"]
[Source "ChessBase"]
[SourceQuality "1"]
[TimeControl "40/5400+30:1800+30"]

1. d4 d5 2. c4 c6 3. Nf3 Nf6 4. Nc3 a6 5. g3 dxc4 6. Bg2 b5 7. O-O Bb7 8. Ne5 e6 9. b3 cxb3 10. axb3 Be7 11. Qc2 Qxd4 12. Nd3 Qd8 13. Rd1 Nbd7 14. Ne5 Qc8 15. Nxd7 Nxd7 16. Ne4 O-O 17. Bf4 Nf6 18. Bd6 Nd5 19. Bxe7 Nxe7 20. Nc5 Nd5 21. e4 Nf6 22. e5 Nd5 23. Rd4 Qc7 24. Rh4 h6 25. Re1 Ne7 26. Be4 Rad8 27. g4 Bc8 28. g5 Ng6 29. Bxg6 fxg6 30. gxh6 Rf5 31. Rg4 Qf7 32. hxg7 Kxg7 33. Ne4 Rd5 34. Nd6 Qd7 35. Nxf5+ exf5 36. e6 Qe7 37. Qc3+ Kh7 38. Rg3 f4 39. Rh3+ Rh5 40. Rxh5+ gxh5 41. Qxc6 Kh6 42. Qxc8 1-0

[Event "ROU-chT 1st League 2019"]
[Site "Mamaia"]
[Date "2019.09.25"]
[Round "5.4"]
[White "Manolache, Marius"]
[Black "Mateuta, Gabriel"]
[Result "1/2-1/2"]
[ECO "A40"]
[WhiteElo "2548"]
[BlackElo "2514"]
[Annotator "ChessBase"]
[PlyCount "49"]
[EventDate "2019.09.21"]
[EventType "team-tourn"]
[EventCountry "ROU"]
[SourceTitle "playchess.com"]
[Source "ChessBase"]
[SourceQuality "1"]
[TimeControl "40/5400+30:1800+30"]

1. d4 e6 2. Nf3 c5 3. e3 Nf6 4. Be2 b6 5. c4 Bb7 6. O-O Be7 7. Nc3 cxd4 8. Nxd4 O-O 9. Bf3 Nc6 10. b3 Qb8 11. Nxc6 Bxc6 12. Bb2 Rd8 13. Qe2 Bd6 14. h3 Bh2+ 15. Kh1 Be5 16. Rad1 Bxf3 17. Qxf3 a6 18. Rd2 Qc7 19. Rc1 Rac8 20. Rdc2 Qb8 21. Qe2 h6 22. Kg1 Qb7 23. Rd1 Qb8 24. Rdc1 Qb7 25. Rd1 1/2-1/2

[Event "ROU-chT 1st League 2019"]
[Site "Mamaia"]
[Date "2019.09.25"]
[Round "5.5"]
[White "Filip, Lucian-Ioan"]
[Black "Anton, Teodor"]
[Result "1/2-1/2"]
[ECO "E06"]
[WhiteElo "2419"]
[BlackElo "2445"]
[Annotator "NA"]
[PlyCount "29"]
[EventDate "2019.09.21"]
[EventType "team-tourn"]
[EventCountry "ROU"]
[SourceTitle "playchess.com"]
[Source "ChessBase"]
[SourceQuality "1"]
[TimeControl "40/5400+30:1800+30"]

1. d4 Nf6 2. c4 e6 3. Nf3 d5 4. g3 Be7 5. Bg2 O-O 6. O-O dxc4 7. Qc2 a6 8. a4 Bd7 9. Rd1 Bc6 10. Nc3 Bxf3 11. Bxf3 Nc6 12. Bxc6 bxc6 13. Bg5 Nd5 14. Bxe7 Qxe7 15. Ne4 1/2-1/2

[Event "ROU-chT 1st League 2019"]
[Site "Mamaia"]
[Date "2019.09.25"]
[Round "5.6"]
[White "Banzea, Alexandru-Bogdan"]
[Black "Ognean, Mihnea-Ionut"]
[Result "0-1"]
[ECO "B31"]
[WhiteElo "2401"]
[BlackElo "2285"]
[Annotator "NA"]
[PlyCount "104"]
[EventDate "2019.09.21"]
[EventType "team-tourn"]
[EventCountry "ROU"]
[SourceTitle "playchess.com"]
[Source "ChessBase"]
[SourceQuality "1"]
[TimeControl "40/5400+30:1800+30"]

1. e4 c5 2. Nf3 Nc6 3. Bb5 g6 4. O-O Bg7 5. Nc3 e5 6. a3 Nge7 7. b4 d6 8. bxc5 dxc5 9. d3 O-O 10. Bc4 Nd4 11. Nxd4 cxd4 12. Ne2 Qc7 13. Bd2 Be6 14. Bxe6 fxe6 15. Qb1 Rfc8 16. Qb3 Qd7 17. a4 Rc6 18. a5 Rac8 19. Ra2 Bf6 20. g3 Kg7 21. Kg2 g5 22. h3 Ng6 23. Ng1 R8c7 24. Nf3 h6 25. Rc1 Qc8 26. Qb5 Rc5 27. Qb3 Be7 28. Qa4 R5c6 29. Rb2 Bd6 30. Rcb1 Ra6 31. Rb5 b6 32. Nxd4 bxa5 33. Nf3 Rxc2 34. Bxa5 Rc7 35. Bxc7 Rxa4 36. Bxd6 Qd8 37. Rb7+ Kf6 38. Bc7 Qxd3 39. Rb8 Qxe4 40. Bd8+ Kf5 41. R8b7 Nh8 42. R1b5 Kg6 43. Re7 Ra3 44. Rxe6+ Kg7 45. Rf6 Nf7 46. Be7 Rd3 47. Rb8 g4 48. hxg4 Ng5 49. Rbf8 Rxf3 50. Rxf3 Nxf3 51. Rxf3 Kg6 52. Bd8 a5 0-1

[Event "ROU-chT 1st League 2019"]
[Site "Mamaia"]
[Date "2019.09.25"]
[Round "5.7"]
[White "Oltean, Dorel"]
[Black "Musat, Adrian"]
[Result "1-0"]
[ECO "B95"]
[WhiteElo "2333"]
[BlackElo "2378"]
[Annotator "NA"]
[PlyCount "79"]
[EventDate "2019.09.21"]
[EventType "team-tourn"]
[EventCountry "ROU"]
[SourceTitle "playchess.com"]
[Source "ChessBase"]
[SourceQuality "1"]
[TimeControl "40/5400+30:1800+30"]

1. e4 c5 2. Nf3 d6 3. d4 cxd4 4. Nxd4 Nf6 5. Nc3 a6 6. Bg5 e6 7. Qd2 b5 8. f3 Be7 9. O-O-O b4 10. Nce2 Qb6 11. Be3 Qb7 12. g4 e5 13. Nf5 Bxf5 14. gxf5 Nbd7 15. Rg1 g6 16. Ng3 Rc8 17. h4 a5 18. Kb1 a4 19. Bd3 Nc5 20. Bxc5 Rxc5 21. h5 gxh5 22. Qh6 h4 23. Nf1 b3 24. cxb3 axb3 25. a3 Kd7 26. Qxh4 Rhc8 27. Qe1 Bd8 28. Ne3 Ba5 29. Qe2 Qc7 30. Ba6 Rf8 31. Nc4 Ne8 32. f4 Ke7 33. fxe5 dxe5 34. f6+ Nxf6 35. Ne3 Rd8 36. Nf5+ Ke8 37. Bb5+ Rxb5 38. Qxb5+ Kf8 39. Rxd8+ Qxd8 40. Qc5+ 1-0

[Event "ROU-chT 1st League 2019"]
[Site "Mamaia"]
[Date "2019.09.25"]
[Round "5.8"]
[White "Doncea, Vladimir"]
[Black "Florescu, Codrut-Constantin"]
[Result "1-0"]
[ECO "A05"]
[WhiteElo "2341"]
[BlackElo "2286"]
[Annotator "NA"]
[PlyCount "103"]
[EventDate "2019.09.21"]
[EventType "team-tourn"]
[EventCountry "ROU"]
[SourceTitle "playchess.com"]
[Source "ChessBase"]
[SourceQuality "1"]
[TimeControl "40/5400+30:1800+30"]

1. Nf3 Nf6 2. c4 e6 3. g3 d5 4. Bg2 Be7 5. d4 O-O 6. O-O c6 7. Qc2 Nbd7 8. Rd1 b6 9. b3 Bb7 10. Nc3 Rc8 11. e4 c5 12. exd5 exd5 13. Bb2 Re8 14. Nh4 Bf8 15. dxc5 Rxc5 16. Nxd5 Nxd5 17. Bxd5 Bxd5 18. Rxd5 Rxd5 19. cxd5 Ne5 20. Rd1 Bc5 21. Qf5 g6 22. Qf4 Bd6 23. Nf3 Nd3 24. Qd4 Nxb2 25. Qxb2 Bc5 26. b4 Bf8 27. Qd4 Qd6 28. b5 Rd8 29. a4 Bg7 30. Qc4 Bf6 31. Kg2 Kg7 32. Rd3 Qc5 33. Nd2 Qxc4 34. Nxc4 Rc8 35. Ne3 Be5 36. d6 f5 37. f4 Bf6 38. Nd5 Kf7 39. Nb4 Ke6 40. Nc6 Kd7 41. Kf3 Re8 42. Rd5 Re6 43. Ne5+ Bxe5 44. fxe5 g5 45. g4 f4 46. Ke4 Re8 47. Rd3 h5 48. Kd5 Rc8 49. e6+ Kd8 50. d7 Rc2 51. Kd6 Re2 52. gxh5 1-0

[Event "ROU-chT 1st League 2019"]
[Site "Mamaia"]
[Date "2019.09.25"]
[Round "5.9"]
[White "Oltean, Liviu-Ioan"]
[Black "Ciorgovean, Iustin"]
[Result "1/2-1/2"]
[ECO "C07"]
[WhiteElo "2313"]
[BlackElo "2331"]
[Annotator "NA"]
[PlyCount "20"]
[EventDate "2019.09.21"]
[EventType "team-tourn"]
[EventCountry "ROU"]
[SourceTitle "playchess.com"]
[Source "ChessBase"]
[SourceQuality "1"]
[TimeControl "40/5400+30:1800+30"]

1. e4 e6 2. d4 d5 3. Nd2 c5 4. exd5 Qxd5 5. Ngf3 cxd4 6. Bc4 Qd6 7. O-O Nf6 8. Nb3 Nc6 9. Nbxd4 Nxd4 10. Qxd4 Qxd4 1/2-1/2

[Event "ROU-chT 1st League 2019"]
[Site "Mamaia"]
[Date "2019.09.25"]
[Round "5.10"]
[White "Barzanu, Iulian"]
[Black "Talu, Mircea"]
[Result "0-1"]
[ECO "A00"]
[WhiteElo "2187"]
[BlackElo "2288"]
[Annotator "NA"]
[PlyCount "76"]
[EventDate "2019.09.21"]
[EventType "team-tourn"]
[EventCountry "ROU"]
[SourceTitle "playchess.com"]
[Source "ChessBase"]
[SourceQuality "1"]
[TimeControl "40/5400+30:1800+30"]

1. g3 Nf6 2. Bg2 e5 3. c4 Nc6 4. Nc3 Bb4 5. Nd5 Nxd5 6. cxd5 Ne7 7. e3 c6 8. a3 Bd6 9. dxc6 dxc6 10. Ne2 O-O 11. O-O Bg4 12. h3 Be6 13. Qc2 Qc8 14. Kh2 f5 15. f4 Bd5 16. d4 Bxg2 17. Kxg2 exf4 18. Nxf4 Bxf4 19. Rxf4 Nd5 20. Rf3 Qe6 21. Bd2 g6 22. Raf1 Rfe8 23. Bc1 Re7 24. Kg1 Rae8 25. Qf2 Kg7 26. Qg2 h5 27. Qf2 Qd7 28. g4 fxg4 29. Rf8 gxh3 30. Kh1 Qe6 31. Kh2 Qe4 32. Kxh3 Rxf8 33. Qxf8+ Kh7 34. Rf7+ Rxf7 35. Qxf7+ Kh6 36. Qf8+ Kg5 37. Qd8+ Nf6 38. Bd2 Qf3+ 0-1

[Event "ROU-chT 1st League 2019"]
[Site "Mamaia"]
[Date "2019.09.25"]
[Round "5.11"]
[White "Helmer, Janos"]
[Black "Prodileanu, Adrian"]
[Result "1/2-1/2"]
[ECO "A35"]
[WhiteElo "1990"]
[BlackElo "2236"]
[Annotator "NA"]
[PlyCount "69"]
[EventDate "2019.09.21"]
[EventType "team-tourn"]
[EventCountry "ROU"]
[SourceTitle "playchess.com"]
[Source "ChessBase"]
[SourceQuality "1"]
[TimeControl "40/5400+30:1800+30"]

1. Nf3 Nf6 2. c4 c5 3. Nc3 Nc6 4. g3 d5 5. cxd5 Nxd5 6. Bg2 Nc7 7. d3 g6 8. O-O Bg7 9. Nd2 Bd7 10. Nc4 O-O 11. f4 Rc8 12. Bd2 b5 13. Ne3 Nd4 14. Rc1 f5 15. Ncd5 Nxd5 16. Bxd5+ e6 17. Bg2 Qb6 18. Kh1 Bc6 19. Nc2 Bxg2+ 20. Kxg2 Qc6+ 21. Kf2 Qd5 22. b3 e5 23. Nxd4 exd4 24. Qc2 Rfe8 25. Rfe1 Re6 26. a4 a6 27. axb5 axb5 28. Ra1 h5 29. h4 Bf6 30. Ra5 Qc6 31. Ra2 Bd8 32. Ba5 Bf6 33. Bd2 Bd8 34. Ba5 Bf6 35. Bd2 1/2-1/2

[Event "ROU-chT 1st League 2019"]
[Site "Mamaia"]
[Date "2019.09.25"]
[Round "5.12"]
[White "Micu, Iulian"]
[Black "Bobocea, Laurentiu-Vlad"]
[Result "1/2-1/2"]
[ECO "B50"]
[WhiteElo "2165"]
[BlackElo "1921"]
[Annotator "NA"]
[PlyCount "52"]
[EventDate "2019.09.21"]
[EventType "team-tourn"]
[EventCountry "ROU"]
[SourceTitle "playchess.com"]
[Source "ChessBase"]
[SourceQuality "1"]
[TimeControl "40/5400+30:1800+30"]

1. e4 c5 2. Nf3 d6 3. c3 Nf6 4. Bd3 Nc6 5. O-O g6 6. h3 Bg7 7. Re1 O-O 8. Bc2 e5 9. d4 cxd4 10. cxd4 exd4 11. Nxd4 d5 12. Nxc6 bxc6 13. e5 Nd7 14. f4 Re8 15. Nc3 Nb6 16. Na4 f6 17. exf6 Bxf6 18. Kh1 Nxa4 19. Bxa4 Bd7 20. Bc2 Qb6 21. Rf1 Qd4 22. Qf3 Bg7 23. Rb1 Bf5 24. Bxf5 gxf5 25. b4 Qe4 26. Bb2 Qxf3 1/2-1/2

[Event "ROU-chT 1st League 2019"]
[Site "Mamaia"]
[Date "2019.09.25"]
[Round "5.13"]
[White "Tarlev, Konstantin"]
[Black "Macovei, Andrei"]
[Result "1-0"]
[ECO "E06"]
[WhiteElo "2559"]
[BlackElo "2426"]
[Annotator "ChessBase"]
[PlyCount "85"]
[EventDate "2019.09.21"]
[EventType "team-tourn"]
[EventCountry "ROU"]
[SourceTitle "playchess.com"]
[Source "ChessBase"]
[SourceQuality "1"]
[TimeControl "40/5400+30:1800+30"]

1. d4 Nf6 2. c4 e6 3. Nf3 d5 4. g3 Be7 5. Bg2 O-O 6. Qc2 c5 7. dxc5 Qa5+ 8. Nc3 dxc4 9. O-O Nc6 10. Ne4 Nxe4 11. Qxe4 Qxc5 12. Be3 Qb5 13. Rfc1 e5 14. Qxc4 Qxc4 15. Rxc4 Be6 16. Rxc6 bxc6 17. Nxe5 Bd5 18. Nxc6 Bxc6 19. Bxc6 Rac8 20. Be4 Bc5 21. Bd2 Rfd8 22. Bd3 Bd4 23. Rb1 g6 24. b4 Rd6 25. Kg2 Rf6 26. f4 Re6 27. Kf3 Rce8 28. a4 Be3 29. Bc3 Rc8 30. Rb3 Rd8 31. a5 Bd4 32. Bd2 Rc8 33. b5 Kf8 34. g4 Kg8 35. h4 Re7 36. h5 Rce8 37. h6 Rc7 38. g5 Rb8 39. e3 Bc5 40. Bc3 Re7 41. Be5 Rxe5 42. fxe5 Be7 43. Be4 1-0

[Event "ROU-chT 1st League 2019"]
[Site "Mamaia"]
[Date "2019.09.25"]
[Round "5.14"]
[White "Schitco, Ivan"]
[Black "Morozov, Nichita"]
[Result "1/2-1/2"]
[ECO "D85"]
[WhiteElo "2492"]
[BlackElo "2394"]
[Annotator "ChessBase"]
[PlyCount "82"]
[EventDate "2019.09.21"]
[EventType "team-tourn"]
[EventCountry "ROU"]
[SourceTitle "playchess.com"]
[Source "ChessBase"]
[SourceQuality "1"]
[TimeControl "40/5400+30:1800+30"]

1. c4 Nf6 2. Nc3 g6 3. d4 d5 4. cxd5 Nxd5 5. e4 Nxc3 6. bxc3 Bg7 7. Nf3 c5 8. Be3 Qa5 9. Qd2 O-O 10. Rc1 Bg4 11. d5 Nd7 12. c4 Qc7 13. Bd3 Bxf3 14. gxf3 f5 15. exf5 Ne5 16. Be2 gxf5 17. f4 Ng6 18. Rg1 Rad8 19. Bh5 Rd6 20. Bxg6 Rxg6 21. Ke2 Rff6 22. Qc2 Qc8 23. h4 Rb6 24. h5 Rb2 25. hxg6 Rxc2+ 26. Rxc2 h5 27. Rh1 Bf6 28. Rxh5 Kg7 29. Bd2 Qc7 30. Rh3 Qb6 31. Rb3 Qa6 32. Be3 b6 33. Bc1 Kxg6 34. Ra3 Qc8 35. Bb2 Bxb2 36. Rxb2 Qh8 37. Rc2 Qd4 38. Re3 Kf7 39. Ke1 Qa1+ 40. Ke2 Qd4 41. Ke1 Qa1+ 1/2-1/2

[Event "ROU-chT 1st League 2019"]
[Site "Mamaia"]
[Date "2019.09.25"]
[Round "5.15"]
[White "Ionescu, Constantin"]
[Black "Vrencian, Lehel"]
[Result "1-0"]
[ECO "A55"]
[WhiteElo "2426"]
[BlackElo "2306"]
[Annotator "NA"]
[PlyCount "63"]
[EventDate "2019.09.21"]
[EventType "team-tourn"]
[EventCountry "ROU"]
[SourceTitle "playchess.com"]
[Source "ChessBase"]
[SourceQuality "1"]
[TimeControl "40/5400+30:1800+30"]

1. Nf3 Nf6 2. c4 d6 3. d4 Nbd7 4. Nc3 e5 5. e4 c6 6. Be2 a6 7. Rb1 Be7 8. O-O O-O 9. b4 b5 10. dxe5 dxe5 11. c5 a5 12. a3 Qc7 13. Bb2 Rd8 14. Qc2 axb4 15. axb4 Nf8 16. Nxe5 Qxe5 17. Nd5 Rxd5 18. Bxe5 Rxe5 19. f3 Ra4 20. Qc3 Ng6 21. Bd1 Ra8 22. Bc2 Rh5 23. Ra1 Rb8 24. f4 Rh4 25. g3 Rh3 26. f5 Nf8 27. Qe5 Rb7 28. Ra8 Rxh2 29. Bd1 Rd7 30. Rxc8 Rdd2 31. Bf3 Rh3 32. Rf2 1-0

[Event "ROU-chT 1st League 2019"]
[Site "Mamaia"]
[Date "2019.09.25"]
[Round "5.16"]
[White "Nastase, Robert-Paul"]
[Black "Cosma, Ioan"]
[Result "0-1"]
[ECO "B31"]
[WhiteElo "2280"]
[BlackElo "2394"]
[Annotator "NA"]
[PlyCount "118"]
[EventDate "2019.09.21"]
[EventType "team-tourn"]
[EventCountry "ROU"]
[SourceTitle "playchess.com"]
[Source "ChessBase"]
[SourceQuality "1"]
[TimeControl "40/5400+30:1800+30"]

1. e4 c5 2. Nf3 Nc6 3. Bb5 g6 4. Bxc6 dxc6 5. d3 Bg4 6. Nbd2 Bg7 7. h3 Bxf3 8. Nxf3 Nf6 9. Be3 Nd7 10. O-O O-O 11. c3 b6 12. Qc2 e5 13. Rad1 Qe7 14. Nd2 Rfd8 15. Nc4 Nf8 16. f4 exf4 17. Bxf4 Ne6 18. Be5 b5 19. Bxg7 Nxg7 20. Na5 Qc7 21. Nb3 Ne6 22. Qf2 Qe7 23. d4 cxd4 24. cxd4 Rd7 25. Na5 Rc8 26. d5 Nd8 27. Nb3 cxd5 28. exd5 Rc4 29. Rfe1 Qg5 30. Na5 Rf4 31. Qc5 Kg7 32. Qxb5 Rd6 33. Qc5 Rdf6 34. Qxa7 Rf2 35. Qxf2 Rxf2 36. Kxf2 Qf6+ 37. Kg3 Qd6+ 38. Kf3 Qf6+ 39. Kg3 Qd6+ 40. Kf2 Qb6+ 41. Re3 Qxa5 42. a3 Qc5 43. Rd2 Nb7 44. b4 Qc7 45. Ke2 Nd6 46. Kd1 Qc4 47. Red3 h5 48. Ke1 h4 49. Rd4 Qc1+ 50. Ke2 Qxa3 51. Rxh4 Qg3 52. Rg4 Qe5+ 53. Kd1 f5 54. Rgd4 Kf6 55. Kc2 Qe1 56. Rd1 Qe8 57. Kb3 Qe3+ 58. R4d3 Qe4 59. Rc3 Qxg2 0-1

[Event "ROU-chT 1st League 2019"]
[Site "Mamaia"]
[Date "2019.09.25"]
[Round "5.17"]
[White "Itkis, Boris"]
[Black "Pop, Alexandru"]
[Result "1-0"]
[ECO "A46"]
[WhiteElo "2323"]
[BlackElo "2274"]
[Annotator "NA"]
[PlyCount "93"]
[EventDate "2019.09.21"]
[EventType "team-tourn"]
[EventCountry "ROU"]
[SourceTitle "playchess.com"]
[Source "ChessBase"]
[SourceQuality "1"]
[TimeControl "40/5400+30:1800+30"]

1. d4 Nf6 2. Nf3 d5 3. c4 e6 4. g3 Bb4+ 5. Bd2 Bd6 6. Bg2 c6 7. Qc2 O-O 8. O-O Nbd7 9. Bg5 h6 10. Bxf6 Nxf6 11. Nbd2 Qe7 12. e4 Nxe4 13. Nxe4 dxe4 14. Qxe4 c5 15. dxc5 Bxc5 16. Ne5 a5 17. Nd3 Ra6 18. Rad1 Ba7 19. Qe5 Qg5 20. Qxg5 hxg5 21. c5 Bb8 22. Rfe1 Rd8 23. c6 b6 24. b4 Bc7 25. b5 Ra7 26. Nb2 Rxd1 27. Rxd1 Kf8 28. Nc4 Ke7 29. a4 Ra8 30. Kf1 Rb8 31. Ke2 Ra8 32. f4 gxf4 33. gxf4 Rb8 34. Ke3 f6 35. h4 Ra8 36. Bh3 Ra7 37. h5 Ra8 38. Kf3 Ra7 39. Ke4 Ra8 40. f5 e5 41. Ne3 Ra7 42. Bf1 Bd8 43. Bc4 Bc7 44. Nd5+ Kf8 45. Ne3 Ke7 46. Rg1 Kf8 47. h6 1-0

[Event "ROU-chT 1st League 2019"]
[Site "Mamaia"]
[Date "2019.09.25"]
[Round "5.18"]
[White "Ciorica, Mihai-Vlad"]
[Black "Ileana, George"]
[Result "0-1"]
[ECO "E16"]
[WhiteElo "1985"]
[BlackElo "2349"]
[Annotator "NA"]
[PlyCount "108"]
[EventDate "2019.09.21"]
[EventType "team-tourn"]
[EventCountry "ROU"]
[SourceTitle "playchess.com"]
[Source "ChessBase"]
[SourceQuality "1"]
[TimeControl "40/5400+30:1800+30"]

1. d4 Nf6 2. c4 e6 3. Nf3 Bb4+ 4. Bd2 Qe7 5. g3 Nc6 6. Bg2 O-O 7. Nc3 Bxc3 8. Bxc3 Ne4 9. Rc1 d6 10. d5 Nd8 11. dxe6 Nxe6 12. Nd4 Nxc3 13. Rxc3 a5 14. Nxe6 Bxe6 15. O-O Rab8 16. Qd4 Rfd8 17. Rfc1 b6 18. Bc6 Qg5 19. Bd5 c5 20. Qe3 Qxe3 21. Rxe3 Bxd5 22. cxd5 Kf8 23. a4 Re8 24. Rxe8+ Rxe8 25. e3 Re4 26. b3 Rb4 27. Rc3 g5 28. f4 g4 29. h3 h5 30. hxg4 hxg4 31. Kf2 Kg7 32. e4 Rxe4 33. Re3 Rb4 34. Re7 Rxb3 35. Rd7 Kf6 36. Rxd6+ Kf5 37. Rd7 Ke4 38. d6 Rb2+ 39. Ke1 Kd5 40. Rxf7 Kxd6 41. Rg7 c4 42. Rxg4 c3 43. Kd1 b5 44. axb5 a4 45. Rg6+ Kd5 46. Ra6 Kc4 47. Ra8 Kb3 48. b6 c2+ 49. Kd2 Rb1 50. Rc8 Rd1+ 51. Ke2 Rd7 52. b7 Rxb7 53. Kd2 Rd7+ 54. Ke2 Rd1 0-1